 Dungeon Crawl Stone Soup version 0.29.1-13-g9f3cf754e1 (webtiles) character file.

Game seed: 9527402738793153131

21 Descartes the Scratcher (level 2, 0/12 HPs)
             Began as a Felid Transmuter on Feb 8, 2023.
             Slain by a quokka (4 damage)
             ... on level 1 of the Dungeon.
             The game lasted 00:00:49 (1034 turns).

Descartes the Scratcher (Felid Transmuter)          Turns: 1034, Time: 00:00:50

Health: 0/12       AC:  1    Str:  6    XL:     2   Next: 65%
Magic:  6/6        EV: 18    Int: 14    God:
Gold:   92         SH:  0    Dex: 16    Spells: 4/5 levels left
                                        Lives:  0   Deaths: 0

rFire   . . .      SeeInvis +     - Unarmed
rCold   . . .      Faith    .   (shield unavailable)
rNeg    . . .      Spirit   .   (body armour unavailable)
rPois   .          Reflect  .   (helmet unavailable)
rElec   .          Harm     .   (cloak unavailable)
rCorr   .          Rampage  .   (gloves unavailable)
Will    .....                   (boots unavailable)
Stlth   ++........              (no amulet)
HPRegen 0.04/turn               (no ring)
MPRegen 0.10/turn               (no ring)

@: quick
A: very small, claws 1, fangs 3, see invisible, speed 1, shaggy fur 1, stealthy
paws, no weapons or thrown items, no armour, multi-lived
a: no special abilities


You were on level 1 of the Dungeon.
You visited 1 branch of the dungeon, and saw 1 of its levels.

You collected 92 gold pieces.

Inventory:

Scrolls
 b - a scroll of immolation {unknown}
 c - a scroll of butterflies {unknown}
 d - a scroll of blinking {unknown}
 e - 4 scrolls of identify {unknown}
 h - a scroll of vulnerability {unknown}
Potions
 a - a potion of lignification
 f - a potion of mutation {unknown}
 g - a potion of haste {unknown}


   Skills:
 + Level 1.2 Fighting
 * Level 3.2 Dodging
 * Level 1.4 Stealth
 * Level 3.2 Unarmed Combat
 + Level 2.1 Spellcasting
 + Level 2.4 Transmutations


You had 4 spell levels left.
You knew the following spells:

 Your Spells              Type           Power      Damage    Failure   Level
a - Beastly Appendage     Tmut           16%        N/A       9%          1

Your spell library contained the following spells:

 Spells                   Type           Power      Damage    Failure   Level
 Wereblood                Tmut           8%         N/A       13%         2
 Spider Form              Tmut/Pois      4%         N/A       41%         3
 Ice Form                 Ice/Tmut       4%         N/A       82%         4


Dungeon Overview and Level Annotations

Branches:
Dungeon (1/15)

Altars:


Innate Abilities, Weirdness & Mutations

You have sharp claws.
You have razor-sharp teeth.
You have supernaturally acute eyesight. (SInv)
You cover ground quickly. (Speed+)
You are covered in fur. (AC +1)
Your paws help you pounce on unaware monsters.
You are incapable of wielding weapons or throwing items.
You cannot wear armour.
You gain extra lives every three experience levels.


Message History

You kill the ball python!
No target in view!
No target in view!
No target in view!
No target in view!
No target in view!
No target in view!
No target in view!
No target in view!
e - 4 scrolls labelled CUJETO MALO (gained 3)
You see here a ball python corpse.
h - a scroll labelled IQEANL MUKE You now have 92 gold pieces (gained 17).
A hobgoblin comes into view.
Found a twisted emerald ring.
The hobgoblin shouts!
Found a short sword.
A quokka comes into view.
Found a scroll labelled RAUS HONACKEORA.
You scratch the hobgoblin.
You kill the hobgoblin!
You scratch the quokka but do no damage.
The quokka bites you.
You scratch the quokka.
The quokka is moderately wounded.
The quokka barely misses you.
You scratch the quokka.
The quokka is heavily wounded.
The quokka barely misses you.
You closely miss the quokka.
The quokka is heavily wounded.
The quokka barely misses you. The quokka bites you.
You are too injured to fight recklessly!
You are too injured to fight recklessly!
You are too injured to fight recklessly!
A quokka is nearby!
You completely miss the quokka.
The quokka is heavily wounded.
The quokka bites you.
You die...

#.?...). #=.....#
#......# ###......#
........# # #.##..#.##
#.##.##.##.....###
...........@r....#
.##.##.##.#...#.#
#.......##....#
#.......#..# ##..#
#########..# .# #..# #
##############†.#
#...............#
#.#############....>..


You could see a quokka.

Vanquished Creatures
  A dart slug (D:1)
  3 endoplasms (D:1)
  2 giant cockroaches (D:1)
  4 hobgoblins (D:1)
  3 ball pythons (D:1)
  A bat (D:1)
  3 kobolds (D:1)
17 creatures vanquished.

Notes
Turn   | Place    | Note
-------+----------+-------------------------------------------
     0 | D:1      | Descartes the Felid Transmuter began the quest for the Orb.
     0 | D:1      | Reached XP level 1. HP: 9/9 MP: 4/4
   216 | D:1      | Found a faded altar of an unknown god.
   230 | D:1      | Reached skill level 1 in Stealth
   254 | D:1      | Reached XP level 2. HP: 12/12 MP: 6/6
  1034 | D:1      | Slain by a quokka

Illustrated notes

Levels and vault maps discovered:
D:1:      spicycebolla_arrival_xxxplode, layout_loops_ring,
          chequers_ecumenical_altar_simple, supply_closet_lemuel

Skill      XL: |  1 |
---------------+----+-----
Stealth        | 1 |  1.4
Dodging        | 3 |  3.2
Fighting       | |  1.2
Unarmed Combat | |  3.2
Spellcasting   | |  2.1
Transmutations | |  2.4

Action                   || total
-------------------------++-------
Melee: Unarmed           ||    44
       Bite              ||     3
 Stab: Sleeping          ||     2
Armor: Skin              ||     3
Dodge: Dodged            ||    26
